 Dungeon Sprint DCSS version 0.24-a0-537-g2d01d4a (webtiles) character file.

Game seed: 4815391278828182433

110 Faca the Spear-Bearer (level 4, -4/35 HPs)
             Began as a Merfolk Gladiator on Aug 16, 2019.
             Was a Follower of the Shining One.
             Slain by a death knight
             ... wielding a +4 great sword
              (21 damage)
             ... in the Dungeon (Sprint V: "Ziggurat Sprint").
             The game lasted 00:01:33 (106 turns).

Faca the Spear-Bearer (Merfolk Gladiator)            Turns: 106, Time: 00:01:34

Health: -4/35      AC: 19    Str: 27    XL:     4   Next: 91%
Magic:  4/4        EV:  9    Int:  7    God:    the Shining One [*.....]
Gold:   0          SH: 11    Dex: 15    Spells: 3/3 levels left

rFire    + . .     SeeInvis .   L - +8 lance "Wyrmbane" {slay drac, rPois rF+ rC+ AC+3}
rCold    + . .     Gourm    .   n - +3 shield
rNeg     . . .     Faith    .   l - +5 storm dragon scales
rPois    +         Spirit   .   c - +0 helmet
rElec    +         Reflect  .   (no cloak)
rCorr    .         Harm     .   (no gloves)
MR       .....     NoTele   +   (no boots)
Stlth    ..........             (no amulet)
HPRegen  0.11/turn              H - +6 ring of strength
MPRegen  0.09/turn              G - +6 ring of strength

@: glowing
A: change form in water, swift swim, stealthy swim
a: Renounce Religion


You were in the Dungeon.
You worshipped the Shining One.
The Shining One was aware of your devotion.
You were not hungry.

You visited 1 branch

Inventory:

Hand Weapons
 o - a +5 demon trident
 L - the +8 lance "Wyrmbane" (weapon) {slay drac, rPois rF+ rC+ AC+3}
   (You found it in the Dungeon)

   It affects your AC (+3).
   It protects you from fire.
   It protects you from cold.
   It protects you from poison.
Missiles
 d - 3 throwing nets (quivered)
Armour
 c - a +0 helmet (worn)
 l - +5 storm dragon scales (worn)
 m - a +3 large shield
 n - a +3 shield (worn)
Jewellery
 y - an uncursed ring of flight
 D - a +6 ring of dexterity
 G - a +6 ring of strength (right hand)
 H - a +6 ring of strength (left hand)
Wands
 I - a wand of disintegration (7)
 J - a wand of iceblast (7)
 K - a wand of acid (7)
Scrolls
 k - 4 scrolls of blinking
 p - 4 scrolls of amnesia
 q - 7 scrolls of fog
 r - a scroll of holy word
 s - 5 scrolls of identify
 t - 5 scrolls of remove curse
 u - 2 scrolls of fear
Potions
 e - 10 potions of curing
 g - 8 potions of heal wounds
 h - 6 potions of haste
 i - 7 potions of magic
 j - 3 potions of berserk rage
 v - 2 potions of brilliance
 w - 2 potions of invisibility
 x - 4 potions of resistance
 A - 5 potions of agility
 B - 5 potions of might
Comestibles
 f - 7 rations


   Skills:
 + Level 3.4 Fighting
 + Level 12.7 Polearms
 + Level 2.8 Throwing
 + Level 0.1 Armour
 + Level 7.4 Dodging


You had 3 spell levels left.
You didn't know any spells.
Your spell library was empty.

Dungeon Overview and Level Annotations

Branches:
Dungeon (1/1)

Altars:
Ashenzari
Cheibriados
Dithmenos
Elyvilon
Fedhas
Gozag
Hepliaklqana
Kikubaaqudgha
Makhleb
Nemelex Xobeh
Okawaru
Qazlal
Ru
Sif Muna
Trog
Uskayaw
Vehumet
Wu Jian
Xom
Yredelemnul
Zin
The Shining One
Beogh
Jiyva
Lugonu

Annotations:
D 1 transporter


Message History

The ironbrand convoker is lightly wounded.
The death knight hits you with a +4 great sword!
You block the ironbrand convoker's attack.
You puncture the ironbrand convoker!
The ironbrand convoker is lightly wounded.
You puncture the ironbrand convoker!
The ironbrand convoker is moderately wounded.
You hit the ironbrand convoker.
The ironbrand convoker is heavily wounded.
The death knight hits you but does no damage.
You block the ironbrand convoker's attack.
You puncture the ironbrand convoker!
The ironbrand convoker is severely wounded.
You hit the ironbrand convoker.
The ironbrand convoker is severely wounded.
The yaktaur unwields a +0 arbalest.
The yaktaur hits you but does no damage.
The death knight hits you with a +4 great sword!!
Ouch! That really hurt!
You die...

▓▓▓▓▓▓▓▓▓▓▓▓▓
▓.8©8.▓.8©8.▓
▓."}..▓.....▓
▓.....▓.).:.▓
▓.....▓.....▓
▓..ppc▓.....▓
▓...@.▓..©..▓
▓..©..▓▓▓▓▓▓▓
▓▓▓▓▓▓▓


You could see a death knight, an ironbrand convoker and a yaktaur.

Vanquished Creatures
  A floating eye (D)
  An ooze (D)
2 creatures vanquished.

Notes
Turn   | Place    | Note
-------+----------+-------------------------------------------
     0 | D        | Faca the Merfolk Gladiator began the quest for the Orb.
     0 | D        | Reached XP level 1. HP: 16/16 MP: 1/1
     3 | D        | Found a blossoming altar of Fedhas.
     4 | D        | Found the +6 Majin-Bo {vamp, Archmagi MP+6 Int+6}
     4 | D        | Found the +7 great mace "Firestarter" {inner flame, rF++}
     5 | D        | Found a viscous altar of Jiyva.
     5 | D        | Found a hazy altar of Hepliaklqana.
     5 | D        | Found a transporter.
     5 | D        | Found an opulent altar of Gozag.
     5 | D        | Found an ancient bone altar of Kikubaaqudgha.
     5 | D        | Found a corrupted altar of Lugonu.
    17 | D        | Found a burning altar of Makhleb.
    18 | D        | Found a sacrificial altar of Ru.
    18 | D        | Found a shimmering blue altar of Sif Muna.
    18 | D        | Found a stormy altar of Qazlal.
    18 | D        | Found a bloodstained altar of Trog.
    18 | D        | Found an iron altar of Okawaru.
    18 | D        | Found a sparkling altar of Nemelex Xobeh.
    39 | D        | Found the +6 shillelagh "Devastator" {shatter}
    39 | D        | Found the +11 plutonium sword {*Contam Stlth-}
    39 | D        | Found the +8 lance "Wyrmbane" {slay drac, rPois rF+ rC+
                  | AC+3}
    39 | D        | Found the +9 sword of Zonguldrok {reap}
    39 | D        | Found the cursed +13 scythe of Curses {drain, *Curse}
    39 | D        | Found the +0 sword of Power
    39 | D        | Found the +7 mace of Variability {chain chaos}
    39 | D        | Found the +7 Singing Sword {slice, sonic wave}
    39 | D        | Found the +8 storm bow {elec, penet}
    67 | D        | Reached skill level 11 in Polearms
    67 | D        | Reached XP level 2. HP: 22/22 MP: 2/2
    75 | D        | Became a worshipper of the Shining One
    88 | D        | Entered arena 2.
    88 | D        | Noticed a floating eye
    88 | D        | Found a transporter.
    91 | D        | Killed a floating eye
    91 | D        | Reached skill level 12 in Polearms
    91 | D        | Reached XP level 3. HP: 29/29 MP: 3/3
    91 | D        | Reached XP level 4. HP: 35/35 MP: 4/4
    97 | D        | Entered arena 3.
    97 | D        | Noticed a death knight
    97 | D        | Reached * piety under the Shining One
    97 | D        | Noticed a yaktaur
    97 | D        | Noticed an ironbrand convoker
    97 | D        | Found a transporter.
   106 | D        | Slain by a death knight

Levels and vault maps discovered:
D:        sprint_v [room_start, room_1, room_2, room_3, room_4, room_5, room_6,
          room_7, room_8, room_9, room_10, room_11, room_12, room_13, room_14,
          room_15, room_16, room_17, room_18, room_19, room_20, room_21,
          room_22, room_23, room_24, room_25, room_26, room_27]

Skill      XL: |  1  2 |
---------------+-------+-----
Polearms       | 11 12 | 12.7
Fighting       | 3 |  3.4
Dodging        | 7 |  7.4
Throwing       | |  2.8
Armour         | |  0.1

Action                   |  1- 3 |  4- 6 || total
-------------------------+-------+-------++-------
Melee: Lance             |     3 |     6 ||     9
  Use: Potion            |     1 |     2 ||     3
Armor: Storm dragon scal |       |     2 ||     2
Block: Shield            |       |     2 ||     2

Table legend:
 A = Non-vault XP
 B = Vault XP
 C = Vault XP percentage of total XP
 D = Non-vault monster count
 E = Vault monster count
 F = Vault count percentage of total count
                 A         B        C        D         E       F
            +---------+---------+-------+---------+---------+-------
      Total |       0 |     148 | 100.0 |       0 |       2 | 100.0
            +---------+---------+-------+---------+---------+-------
          D |       0 |     148 | 100.0 |       0 |       2 | 100.0
            +---------+---------+-------+---------+---------+-------
